 Dungeon Crawl Stone Soup version 0.28-a0-899-gf2b78a14d2 (webtiles) character file.

Game seed: 18212606502486032930

1033 AvatarAndi78 the Chopper (level 8, -1/105 HPs)
             Began as a White Draconian Berserker on Nov 23, 2021.
             Was a Believer of Trog.
             Slain by a yak (4 damage)
             ... on level 5 of the Dungeon.
             The game lasted 00:06:18 (4207 turns).

AvatarAndi78 the Chopper (DrBe)                     Turns: 4207, Time: 00:06:18

Health: -1/105     AC:  9    Str: 16 (17) XL:     8   Next: 3%
Magic:  8/8        EV: 13    Int:  6 (8)  God:    Trog [**....]
Gold:   176        SH:  0    Dex: 14 (15) Spells: 7/7 levels left

rFire   . . .      SeeInvis .   s - +5 quarterstaff (chaos)
rCold   + . .      Faith    .   (shield currently unavailable)
rNeg    . . .      Spirit   .   (armour unavailable)
rPois   .          Reflect  .   (helmet restricted)
rElec   .          Harm     .   t - +0 cloak
rCorr   .          Rampage  .   j - +1 pair of gloves
Will    ++...                   (no boots)
Stlth   ..........              (no amulet)
HPRegen 1.27/turn               (no ring)
MPRegen 0.11/turn               (no ring)

@: berserking (expiring), short of breath, strong-willed, regenerating, very
quick
A: breathe frost, AC +6, unfitting armour, cold resistance 1, cold-blooded, thin
skeletal structure 1, weak 1
a: Breathe Frost, Renounce Religion, Berserk, Trog's Hand


You were on level 5 of the Dungeon.
You worshipped Trog.
Trog was pleased with you.
You visited 1 branch of the dungeon, and saw 5 of its levels.

You collected 176 gold pieces.

Inventory:

Hand Weapons
 d - a +2 hand axe of protection
 s - a +5 quarterstaff of chaos (weapon)
Armour
 j - a +1 pair of gloves (worn)
 t - a +0 cloak (worn)
Scrolls
 l - a scroll of vulnerability
 n - 2 scrolls of noise
Potions
 i - a potion of berserk rage


   Skills:
 + Level 5.7 Fighting
 + Level 7.0 Axes
 + Level 0.6 Staves
 + Level 4.1 Dodging
 + Level 3.6 Stealth


You had 7 spell levels left.
You didn't know any spells.
Your spell library was empty.

Dungeon Overview and Level Annotations

Branches:
Dungeon (5/15)             Temple (0/1) D:4

Altars:
Ashenzari

Shops:
D:2 *


Innate Abilities, Weirdness & Mutations

You can breathe waves of freezing cold which knock back foes.
Your icy white scales are hard. (AC +6)
You cannot fit into any form of body armour.
Your flesh is cold resistant. (rC+)
You are cold-blooded and may be slowed by cold attacks.
You have a somewhat thin skeletal structure. (Dex +2, Stealth+)
You are weak. (Str -2)


Message History

You hit the yak.
The yak seems to grow stronger.
The yak is heavily wounded.
The yak barely misses you.
You closely miss the yak.
Your tail-slap misses the yak.
The yak is heavily wounded.
The yak gores you!
* * * LOW HITPOINT WARNING * * *
The yak completely misses you.
You sock the yak! You burn the yak. You tail-slap the yak.
You kill the yak!
Trog accepts your kill.
You feel your intelligence returning.
You hit the yak. You burn the yak. You tail-slap the yak!
The yak is almost dead.
The yak gores you!
* * * LOW HITPOINT WARNING * * *
The yak gores you.
* * * LOW HITPOINT WARNING * * *
The yak gores you but does no damage.
You thump the yak!
You feel better.
You kill the yak!
Trog accepts your kill. The yak gores you!
* * * LOW HITPOINT WARNING * * *
The yak closely misses you.
The ufetubus hits you but does no damage.
The ufetubus hits you.
* * * LOW HITPOINT WARNING * * *
You feel your strength returning.
Your Axes skill increases to level 7!
You have reached level 8!
You feel clever.
You miss the ufetubus. The ufetubus barely misses you.
The ufetubus hits you but does no damage.
The yak gores you but does no damage. The yak barely misses you.
You sock the ufetubus!
You kill the ufetubus!
Trog accepts your kill. The yak gores you.
You die...

# #.### # #.
#...# .#
#.###...##.# #
#..........#..
#.#....5.....
#.#.......#
#.###..?.##
#Y###.<...#.
#Y@†........#
#############


You could see 2 yaks.

Vanquished Creatures
  Pikel (D:4)
  2 yaks (D:5)
  A necrophage (D:4)
  Crazy Yiuf (D:4)
  6 gnolls
  3 adders
  An ufetubus (D:5)
  3 worms
  A dart slug (D:1)
  4 orcs
  3 endoplasms
  5 giant cockroaches
  7 goblins
  8 hobgoblins
  4 jackals (D:1)
  6 quokkas
  4 ball pythons
  9 bats
  9 frilled lizards
  8 kobolds
  2 rats
88 creatures vanquished.

Notes
Turn   | Place    | Note
-------+----------+-------------------------------------------
     0 | D:1      | AvatarAndi78 the Draconian Berserker began the quest for
                  | the Orb.
     0 | D:1      | Reached XP level 1. HP: 19/19 MP: 1/1
   457 | D:1      | Reached XP level 2. HP: 21/26 MP: 2/2
   899 | D:1      | Reached ** piety under Trog
   964 | D:1      | Reached XP level 3. HP: 26/33 MP: 3/3
  1477 | D:2      | Reached XP level 4. HP: 31/40 MP: 4/4
  1478 | D:2      | Reached skill level 1 in Stealth
  1720 | D:2      | Found Buexijor's Assorted Antiques.
  1727 | D:2      | Reached skill level 4 in Axes
  1878 | D:2      | Found a faded altar of an unknown god.
  2177 | D:3      | Found a broken altar of Ashenzari.
  3129 | D:4      | Reached XP level 5. HP: 46/46 MP: 5/5
  3137 | D:4      | Noticed a necrophage
  3147 | D:4      | Killed a necrophage
  3147 | D:4      | Reached *** piety under Trog
  3318 | D:4      | Reached skill level 5 in Axes
  3329 | D:4      | Found a staircase to the Ecumenical Temple.
  3418 | D:4      | Identified the +0 robe of the Elven Halls {rPois rC+ rCorr}
  3614 | D:4      | Noticed a lemure
  3614 | D:4      | Noticed a lemure
  3614 | D:4      | Noticed Pikel
  3615 | D:4      | Noticed a lemure
  3616 | D:4      | Noticed a lemure
  3628 | D:4      | Killed Pikel
  3629 | D:4      | Reached skill level 5 in Fighting
  3629 | D:4      | Reached skill level 6 in Axes
  3629 | D:4      | Reached XP level 6. HP: 47/56 MP: 6/6
  3629 | D:4      | Your scales start taking on an icy white colour.
  3629 | D:4      | Reached XP level 7. HP: 51/61 MP: 7/7
  3629 | D:4      | Gained mutation: Your flesh is cold resistant. (rC+) [White
                  | Draconian growth]
  3896 | D:4      | Found a runed translucent door.
  3897 | D:4      | Noticed Crazy Yiuf
  3907 | D:4      | Killed Crazy Yiuf
  3928 | D:4      | Gained mutation: You are weak. (Str -2) [potion of
                  | mutation]
  3928 | D:4      | Gained mutation: You have a somewhat thin skeletal
                  | structure. (Dex +2, Stealth+) [potion of mutation]
  4186 | D:5      | Entered Level 5 of the Dungeon
  4186 | D:5      | Noticed a yak
  4187 | D:5      | Noticed a yak
  4191 | D:5      | Noticed a yak
  4196 | D:5      | Noticed a yak
  4203 | D:5      | Killed a yak
  4205 | D:5      | Killed a yak
  4205 | D:5      | HP: 2/91 [yak (10)]
  4206 | D:5      | Reached skill level 7 in Axes
  4206 | D:5      | Reached XP level 8. HP: 1/70 MP: 8/8
  4207 | D:5      | Slain by a yak

Illustrated notes

Levels and vault maps discovered:
D:1:      saegor_arrival_fortress, layout_basic
D:2:      layout_rooms, serial_shops, nicolae_square_shop,
          dreamdust_ecumenical_altar_angels_and_demons, minmay_lizard_pond
D:3:      minmay_general_purpose_star, layout_loops_ring,
          ashenzari_conservatory_becter
D:4:      layout_basic, minmay_temple_entry_grid, uniq_crazy_yiuf_cottage,
          uniq_pikel
D:5:      layout_loops_ring, serial_glass, glass_columns_a, glass_columns_c,
          gammafunk_ghost_stat_death, minmay_puff

Skill      XL: |  1  2  3  4  5  6  7 |
---------------+----------------------+-----
Dodging        | 3 4 |  4.1
Fighting       | 4 5 |  5.7
Stealth        | 1 3 |  3.6
Axes           | 4 6 7 |  7.0
Staves         | |  0.6

Action                   |  1- 3 |  4- 6 |  7- 9 || total
-------------------------+-------+-------+-------++-------
Melee: Hand axe          |    75 |    93 |    11 ||   179
       Tailslap          |    10 |     9 |     5 ||    24
       Quarterstaff      |       |       |    11 ||    11
Invok: Trog's Hand       |     1 |     2 |     1 ||     4
       Berserk           |     1 |     1 |     1 ||     3
 Abil: Breathe Frost     |       |       |     1 ||     1
  Use: Scroll            |       |       |    11 ||    11
       Potion            |       |       |     5 ||     5
 Stab: Sleeping          |     2 |     2 |       ||     4
       Distracted        |       |     1 |       ||     1
Armor: Skin              |    31 |    21 |    10 ||    62
Dodge: Dodged            |    64 |    51 |     8 ||   123

Table legend: (Time is in decaauts)
 A = Elapsed time spent in this place.
 B = Non-inter-level travel time spent in this place.
 C = Inter-level travel time spent in this place.
 D = Time resting spent in this place.
 E = Time spent auto-exploring this place.
 F = Levels seen in this place.
 G = Mean time per level.
                   A        B        C        D        E       F      G
               +--------+--------+--------+--------+--------+-----+--------+
         Total |   4253 |   4173 |     80 |      0 |   3655 |   5 |  850.6 |
       Dungeon |   4253 |   4173 |     80 |      0 |   3655 |   5 |  850.6 |
               +--------+--------+--------+--------+--------+-----+--------+

Top non-repeatable levels by time:
     D:1: 1424 daAuts
     D:4: 1080 daAuts
     D:3: 969 daAuts
     D:2: 757 daAuts
     D:5: 20 daAuts
